 Dungeon Crawl Stone Soup version 0.24.0-1-gfbc8707 (webtiles) character file.

Game seed: 3757486884758618510, levelgen mode: deterministic

194 Illumine the Conjurer (level 5, -11/37 HPs)
             Began as a Gnoll Conjurer on Nov 17, 2019.
             Mangled by Duvessa
             ... wielding a +1 rapier of freezing
              (14 damage)
             ... on level 4 of the Dungeon.
             The game lasted 00:05:33 (1812 turns).

Illumine the Conjurer (Gnoll Conjurer)              Turns: 1812, Time: 00:05:34

Health: -11/37     AC:  3    Str: 10    XL:     5   Next: 73%
Magic:  1/12       EV: 15    Int: 18    God:
Gold:   124        SH:  0    Dex: 16    Spells: 2/14 levels left

rFire    + . .     SeeInvis .   b - +4 dagger (elec)
rCold    . . .     Gourm    .   (no shield)
rNeg     . . .     Faith    .   a - +0 robe
rPois    .         Spirit   .   g - +0 helmet
rElec    .         Reflect  .   (no cloak)
rCorr    .         Harm     .   (no gloves)
MR       .....                  (no boots)
Stlth    +++.......             (no amulet)
HPRegen  0.12/turn              o - ring of protection from fire
MPRegen  0.13/turn              (no ring)

@: about to teleport, very slightly contaminated
A: distributed training, fangs 1, strong nose
a: no special abilities


You were on level 4 of the Dungeon.
You were not hungry.

You visited 1 branch of the dungeon, and saw 4 of its levels.

You collected 124 gold pieces.

Inventory:

Hand Weapons
 b - a +4 dagger of electrocution (weapon)
Missiles
 f - 7 poisoned darts (quivered)
Armour
 a - a +0 robe (worn)
 g - a +0 helmet (worn)
Jewellery
 k - an uncursed amulet of the gourmand {unknown}
 o - a ring of protection from fire (left hand)
Scrolls
 e - a scroll of noise {unknown}
 h - a scroll of identify
 i - a scroll of teleportation
 l - 2 scrolls of immolation {unknown}
 n - a scroll of enchant weapon {unknown}
 t - a scroll of enchant armour {unknown}
Potions
 d - 2 potions of flight {unknown}
 j - a potion of cancellation {unknown}
 m - a potion of heal wounds {unknown}
 q - a potion of degeneration {unknown}
 s - a potion of magic {unknown}
 u - a potion of lignification {unknown}
Comestibles
 c - 5 rations
 p - 2 chunks of flesh


   Skills:
 + Level 1.6 Fighting
 + Level 1.6 Short Blades
 + Level 1.6 Long Blades
 + Level 1.6 Axes
 + Level 1.6 Maces & Flails
 + Level 1.6 Polearms
 + Level 1.6 Staves
 + Level 1.6 Slings
 + Level 1.6 Bows
 + Level 1.6 Crossbows
 + Level 1.6 Throwing
 + Level 1.6 Armour
 + Level 4.8 Dodging
 + Level 4.4 Stealth
 + Level 1.6 Shields
 + Level 1.6 Unarmed Combat
 + Level 5.2 Spellcasting
 + Level 7.2 Conjurations
 + Level 1.2 Hexes
 + Level 1.2 Charms
 + Level 1.2 Summonings
 + Level 1.2 Necromancy
 + Level 1.2 Translocations
 + Level 1.2 Transmutations
 + Level 1.2 Fire Magic
 + Level 1.2 Ice Magic
 + Level 1.2 Air Magic
 + Level 1.2 Earth Magic
 + Level 1.2 Poison Magic
 + Level 1.8 Invocations
 + Level 1.6 Evocations


You had 2 spell levels left.
You knew the following spells:

 Your Spells              Type           Power        Failure   Level  Hunger
a - Magic Dart            Conj           ####         1%          1    None
b - Searing Ray           Conj           ####..       1%          2    #......
c - Dazzling Spray        Conj/Hex       ###...       7%          3    ##.....
d - Iskenderun's Mystic   Conj           ####....     7%          4    ####...
e - Call Imp              Summ           #.......     12%         2    #......

Your spell library contained the following spells:

 Spells                   Type           Power        Failure   Level  Hunger
 Summon Small Mammal      Summ           #...         8%          1    None
 Call Canine Familiar     Summ           #.......     22%         3    ##.....
 Summon Guardian Golem    Hex/Summ       #.......     22%         3    ##.....
 Force Lance              Conj/Tloc      ###.....     22%         4    ####...
 Fulminant Prism          Conj/Hex       ###.......   22%         4    ####...
 Summon Ice Beast         Ice/Summ       #.......     58%         4    ####...
 Summon Lightning Spire   Summ/Air       #.......     58%         4    ####...


Dungeon Overview and Level Annotations

Branches:
Dungeon (4/15)
 Temple: D:4-7

Altars:
Gozag

Annotations:
D:3 Grinder
D:4 Dowan, Duvessa, Eustachio


Innate Abilities, Weirdness & Mutations

Your experience applies equally to all skills.
You have very sharp teeth.
Your uncanny sense of smell can sniff out nearby items.


Message History

The net rips apart, and Duvessa comes free!
Your crimson imp blinks!
Duvessa hits you with a +1 rapier of freezing.
Duvessa freezes you.
You hit Duvessa. You bite Duvessa, but do no damage.
Duvessa is moderately wounded.
Duvessa barely misses you.
As you read the scroll labeled CUICEVYDING, it crumbles to dust.
It is a scroll of identify.
i - 2 scrolls of teleportation Duvessa hits you with a +1 rapier of freezing!
* * * LOW HITPOINT WARNING * * *
Duvessa freezes you.
* * * LOW HITPOINT WARNING * * *
Your crimson imp blinks!
As you read the scroll of teleportation, it crumbles to dust.
You feel strangely unstable. Duvessa hits you but does no damage.
Dowan misses you.
Duvessa hits you with a +1 rapier of freezing!
You die...

#.# #.#.#...#.........#.
##.####.#####.#.#.#.#..#......#.
...........##.#.#.#.#..#.#.#..#.
#######.....#.......#....#.#....
%...####.###.......##.#......
..... #.# ##.#..............
####. #.# #.##..##########. #.
#.######.......... . ..
#.##8@8#...####### ##
#..#ee$#.........#
#..#($.#..######.#
#..##.###..(...#
+....ยง.##..###.# #......##..#
#..e...##... .....#....##...#
#......#...##...#


You could see Duvessa (berserk) and Dowan.

Vanquished Creatures
  An iguana (D:4)
  A worker ant (D:4)
  A hound skeleton (D:4)
  4 gnolls (D:4)
  2 adders (D:2)
  A worm (D:3)
  3 dart slugs
  3 leopard geckos
  3 ball pythons
  10 bats
  3 giant cockroaches
  6 goblins
  4 hobgoblins
  2 jackals (D:2)
  A quokka (D:4)
  A ball python skeleton (D:3)
  3 frilled lizards
  10 kobolds
  A leopard gecko zombie (D:4)
  8 rats
68 creatures vanquished.

Notes
Turn   | Place    | Note
-------+----------+-------------------------------------------
     0 | D:1      | Illumine the Gnoll Conjurer began the quest for the Orb.
     0 | D:1      | Reached XP level 1. HP: 13/13 MP: 6/6
   178 | D:1      | Reached XP level 2. HP: 19/19 MP: 5/7
   189 | D:1      | Learned a level 2 spell: Searing Ray
   593 | D:2      | Reached XP level 3. HP: 25/25 MP: 7/9
   622 | D:2      | Reached skill level 5 in Spellcasting
   707 | D:2      | Reached skill level 1 in Invocations
   864 | D:2      | Reached skill level 1 in Fighting
   864 | D:2      | Reached skill level 1 in Short Blades
   864 | D:2      | Reached skill level 1 in Long Blades
   864 | D:2      | Reached skill level 1 in Axes
   864 | D:2      | Reached skill level 1 in Maces & Flails
   864 | D:2      | Reached skill level 1 in Polearms
   864 | D:2      | Reached skill level 1 in Staves
   864 | D:2      | Reached skill level 1 in Slings
   864 | D:2      | Reached skill level 1 in Bows
   864 | D:2      | Reached skill level 1 in Crossbows
   864 | D:2      | Reached skill level 1 in Throwing
   864 | D:2      | Reached skill level 1 in Armour
   864 | D:2      | Reached skill level 1 in Shields
   864 | D:2      | Reached skill level 1 in Unarmed Combat
   864 | D:2      | Reached skill level 1 in Evocations
   908 | D:2      | Reached XP level 4. HP: 32/32 MP: 8/11
   936 | D:2      | Learned a level 3 spell: Dazzling Spray
   960 | D:2      | Learned a level 4 spell: Iskenderun's Mystic Blast
  1457 | D:3      | Noticed Grinder
  1485 | D:4      | Reached skill level 1 in Hexes
  1485 | D:4      | Reached skill level 1 in Charms
  1485 | D:4      | Reached skill level 1 in Summonings
  1485 | D:4      | Reached skill level 1 in Necromancy
  1485 | D:4      | Reached skill level 1 in Translocations
  1485 | D:4      | Reached skill level 1 in Transmutations
  1485 | D:4      | Reached skill level 1 in Fire Magic
  1485 | D:4      | Reached skill level 1 in Ice Magic
  1485 | D:4      | Reached skill level 1 in Air Magic
  1485 | D:4      | Reached skill level 1 in Earth Magic
  1485 | D:4      | Reached skill level 1 in Poison Magic
  1571 | D:4      | Reached XP level 5. HP: 28/37 MP: 6/12
  1742 | D:4      | Noticed Eustachio
  1770 | D:4      | Learned a level 2 spell: Call Imp
  1786 | D:4      | Noticed Duvessa
  1789 | D:4      | Found an opulent altar of Gozag.
  1796 | D:4      | Noticed Dowan
  1812 | D:4      | Mangled by Duvessa

Levels and vault maps discovered:
D:1:      matt_arrival_los_fun, layout_rooms
D:2:      layout_loops_ring, first_ration, dk_yredelemnul_ordeal
D:3:      layout_basic, uniq_natasha, uniq_grinder, uniq_crazy_yiuf_cottage
D:4:      layout_basic, grunt_gozag_breadcrumbs, kennysheep_generic_room_14,
          uniq_duvessa, uniq_eustachio

Skill      XL: |  1  2  3  4 |
---------------+-------------+-----
Spellcasting   | 5 |  5.2
Invocations    | 1 |  1.8
Fighting       | 1 |  1.6
Short Blades   | 1 |  1.6
Long Blades    | 1 |  1.6
Axes           | 1 |  1.6
Maces & Flails | 1 |  1.6
Polearms       | 1 |  1.6
Staves         | 1 |  1.6
Slings         | 1 |  1.6
Bows           | 1 |  1.6
Crossbows      | 1 |  1.6
Throwing       | 1 |  1.6
Armour         | 1 |  1.6
Shields        | 1 |  1.6
Unarmed Combat | 1 |  1.6
Evocations     | 1 |  1.6
Hexes          | 1 |  1.2
Charms         | 1 |  1.2
Summonings     | 1 |  1.2
Necromancy     | 1 |  1.2
Translocations | 1 |  1.2
Transmutations | 1 |  1.2
Fire Magic     | 1 |  1.2
Ice Magic      | 1 |  1.2
Air Magic      | 1 |  1.2
Earth Magic    | 1 |  1.2
Poison Magic   | 1 |  1.2
Dodging        | |  4.8
Stealth        | |  4.4
Conjurations   | |  7.2

Action                   |  1- 3 |  4- 6 || total
-------------------------+-------+-------++-------
Melee: Dagger            |    24 |    39 ||    63
       Bite              |     3 |     6 ||     9
       Punch             |       |     1 ||     1
Throw: Throwing net      |       |     2 ||     2
       Dart              |       |     1 ||     1
 Cast: Magic Dart        |    44 |    35 ||    79
       Searing Ray       |     1 |     3 ||     4
       Call Imp          |       |     3 ||     3
       Dazzling Spray    |       |     1 ||     1
  Use: Scroll            |       |     2 ||     2
 Stab: Sleeping          |     2 |     1 ||     3
       Distracted        |       |     1 ||     1
  Eat: Chunk             |       |     3 ||     3
Armor: Robe              |     7 |     4 ||    11
Dodge: Dodged            |    18 |    28 ||    46
